 Dungeon Crawl Stone Soup version 0.30-a0-50-gb2d611f6b1 (webtiles) character file.

Game seed: 692449555697577749

52 booger886876867 the Chopper (level 3, -1/34 HPs)
             Began as a Naga Berserker on Sept 4, 2022.
             Was a Follower of Trog.
             Slain by an orc wizard
             ... wielding a +0 dagger
              (2 damage)
             ... on level 3 of the Dungeon.
             The game lasted 00:14:37 (1987 turns).

booger886876867 the Chopper (Naga Berserker)        Turns: 1987, Time: 00:14:38

Health: -1/34      AC:  9    Str: 25 (27) XL:     3   Next: 85%
Magic:  3/3        EV:  5    Int:  4 (7)  God:    Trog [*.....]
Gold:   103        SH:  0    Dex:  8 (10) Spells: 2/2 levels left

rFire   . . .      SeeInvis +    a - +1 hand axe
rCold   . . .      Faith    .    (no shield)
rNeg    . . .      Spirit   .    d - +0 plate armour
rPois   +          Reflect  .    f - +0 helmet
rElec   .          Harm     .    b - +0 cloak
rCorr   .          Rampage  .    (no gloves)
Will    .....                    (no barding)
Stlth   ..........               (no amulet)
HPRegen 0.11/turn                e - +6 ring of strength
MPRegen 0.08/turn                (no ring)

@: confused, very slow
A: AC +1, large, see invisible, deformed body, poison resistance, slowness 2,
spit poison 1, naga tail 1
a: Spit Poison, Renounce Religion, Berserk


You were on level 3 of the Dungeon.
You worshipped Trog.
Trog was aware of your devotion.
You visited 1 branch of the dungeon, and saw 3 of its levels.

You collected 103 gold pieces.

Inventory:

Hand Weapons
 a - a +1 hand axe (weapon)
 c - a +0 hand axe
Armour
 b - a +0 cloak (worn)
 d - a +0 plate armour (worn)
 f - a +0 helmet (worn)
Jewellery
 e - a +6 ring of strength (left hand)
Scrolls
 g - 5 scrolls of identify


   Skills:
 + Level 3.4 Fighting
 + Level 3.7 Axes
 + Level 2.1 Armour
 + Level 1.7 Dodging
 + Level 0.1 Stealth


You had 2 spell levels left.
You didn't know any spells.
Your spell library was empty.

Dungeon Overview and Level Annotations

Branches:
Dungeon (3/15)

Altars:


Innate Abilities, Weirdness & Mutations

Your serpentine skin is tough. (AC +1)
You have supernaturally acute eyesight. (SInv)
Armour fits poorly on your strangely shaped body.
Your system is resistant to poisons. (rPois)
You cover ground very slowly.
You can spit poison.
You have a snake-like lower body.


Message History

You climb downwards.
The orc shouts! x2; The orc wizard shouts!
There is a stone staircase leading up here.
The orc wizard gestures at you while chanting.
The puff of flame hits you.
An orc wizard comes into view. It is wielding a +0 dagger.
The orc wizard shouts!
The orc wizard gestures at you while chanting.
The magic dart hits you!
You barely miss the orc wizard.
The orc wizard mumbles some strange words.
The orc wizard flickers and vanishes for a moment.
You slash the orc!
You kill the orc!
Trog accepts your kill.
You hit the orc wizard but do no damage.
Found a stone staircase leading down.
The orc hits you but does no damage.
The orc wizard hits you but does no damage. x2
You see here a +0 club.
You slash the orc wizard!
The orc wizard is severely wounded.
You hit the orc but do no damage. You hit the orc wizard.
The orc wizard hits you but does no damage.
The orc wizard gestures at you while chanting.
You are confused.
The orc barely misses you. The orc wizard barely misses you.
The orc hits you but does no damage.
The orc wizard hits you but does no damage.
You barely miss the orc. You closely miss the orc wizard.
You barely miss the orc wizard.
The orc wizard gestures at you while chanting.
The puff of flame hits you!
* * * LOW HITPOINT WARNING * * *
The orc wizard casts a spell at you. The puff of flame hits you!
* * * LOW HITPOINT WARNING * * *
The orc barely misses you.
You bump into the rock wall.
The orc wizard hits you with a +0 dagger.
You die...

....>...#
.........#
#.........#
#.........#
#.........#
#.........#
#........o#
#.......o@#
#.......o.#
.......<..#
.##.#######
.


You could see 2 orc wizards and an orc.

Vanquished Creatures
  2 adders (D:2)
  A worm (D:2)
  A dart slug (D:1)
  An orc (D:3)
  2 ball pythons (D:1)
  2 bats
  6 endoplasms
  2 giant cockroaches (D:1)
  2 goblins
  2 hobgoblins (D:2)
  A quokka (D:1)
  A frilled lizard (D:1)
  2 kobolds (D:2)
25 creatures vanquished.

Notes
Turn   | Place    | Note
-------+----------+-------------------------------------------
     0 | D:1      | booger886876867 the Naga Berserker began the quest for the
                  | Orb.
     0 | D:1      | Reached XP level 1. HP: 21/21 MP: 1/1
   429 | D:1      | Reached XP level 2. HP: 28/28 MP: 2/2
  1260 | D:2      | Reached XP level 3. HP: 33/34 MP: 3/3
  1696 | D:2      | Found a faded altar of an unknown god.
  1986 | D:3      | HP: 1/34 [orc wizard/puff of flame (8)]
  1987 | D:3      | Slain by an orc wizard

Illustrated notes

Levels and vault maps discovered:
D:1:      lemuel_arrival_hallway, layout_basic, nicolae_figureground_pulse
D:2:      layout_loops_ring, ebering_ecumenical_altar_abandoned
D:3:      layout_rooms, minmay_misc_feat_doors

Skill      XL: |  1  2  3 |
---------------+----------+-----
Armour         | 2 |  2.1
Fighting       | |  3.4
Axes           | |  3.7
Dodging        | |  1.7
Stealth        | |  0.1

Action                   || total
-------------------------++-------
Melee: Hand axe          ||    80
       Punch             ||     2
  Use: Scroll            ||     5
       Potion            ||     5
Armor: Ring mail         ||    10
       Plate armour      ||    44
Dodge: Dodged            ||    32

Table legend: (Time is in decaauts)
 A = Elapsed time spent in this place.
 B = Non-inter-level travel time spent in this place.
 C = Inter-level travel time spent in this place.
 D = Time resting spent in this place.
 E = Time spent auto-exploring this place.
 F = Levels seen in this place.
 G = Mean time per level.
                   A        B        C        D        E       F      G
               +--------+--------+--------+--------+--------+-----+--------+
         Total |   2584 |   2576 |      8 |    300 |      0 |   3 |  861.3 |
       Dungeon |   2584 |   2576 |      8 |    300 |      0 |   3 |  861.3 |
               +--------+--------+--------+--------+--------+-----+--------+

Top non-repeatable levels by time:
     D:1: 1611 daAuts
     D:2: 961 daAuts
     D:3: 11 daAuts
